 Dungeon Crawl Stone Soup version 0.10.0-32-gfa280cc character file.

449 risbolla the Insei (level 5, -2/40 HPs)
             Began as a Demigod Wanderer on Apr 5, 2012.
             Slain by a kobold
             ... wielding a +0,+0 whip of distortion
              (6 damage)
             ... on Level 5 of the Dungeon.
             The game lasted 00:33:32 (4228 turns).

risbolla the Ruffian (Demigod Wanderer)             Turns: 4228, Time: 00:33:32

HP  -2/40        AC 10     Str 15 (18) XL: 5   Next: 53%
MP  11/11        EV 11     Int 15      God:
Gold 216         SH  0     Dex 15      Spells:  2 memorised,  4 levels left

Res.Fire  : + + .   See Invis. : .   C - +0 whip
Res.Cold  : + . .   Warding    : . . F - +2 robe {MR}
Life Prot.: . . .   Conserve   : .   (no shield)
Res.Acid. : . . .   Res.Corr.  : .   (no helmet)
Res.Poison: +       Clarity    : .   l - +0 elf cloak
Res.Elec. : +       Spirit.Shd : .   (no gloves)
Sust.Abil.: . .     Stasis     : .   (no boots)
Res.Mut.  : .       Ctrl.Telep.: .   v - amulet of inaccuracy {unknown}
Res.Rott. : .       Levitation : .   D - ring of protection from fire {unknown}
Saprovore : . . .   Ctrl.Flight: .   g - +4 ring of protection

@: confused, very slightly contaminated, somewhat resistant to hostile
enchantments, unstealthy
A: slow metabolism 1, AC +1, Dex -1
a: no special abilities


You were on level 5 of the Dungeon.
You were not hungry.

You visited 1 branch of the dungeon, and saw 5 of its levels.

You collected 180 gold pieces.
You spent 14 gold pieces at shops.

Inventory:

Hand weapons
 c - a +0,+0 dagger (quivered)
 e - a +1,+1 flail
 C - a +0,+0 whip (weapon)
Armour
 l - a +0 elven cloak (worn)
 F - a +2 robe of magic resistance (worn)
Magical devices
 p - a wand of polymorph other (5)
 r - a wand of magic darts (13)
 B - a wand of frost (8)
Comestibles
 d - 3 bread rations
 j - a honeycomb
 k - 2 chokos
 n - 2 meat rations
 u - a lychee
 w - an apple
 E - 2 rotting chunks of orc flesh
Scrolls
 f - 2 scrolls of remove curse {unknown}
 i - a scroll of enchant weapon I {unknown}
 m - 2 scrolls of recharging {unknown}
 o - a scroll of teleportation {unknown}
 s - a scroll of random uselessness {unknown}
 x - 2 scrolls of identify {unknown}
 y - a scroll of magic mapping {unknown}
 A - a scroll of enchant weapon II {unknown}
Jewellery
 g - a +4 ring of protection (left hand)
 v - an amulet of inaccuracy (around neck) {unknown}
 D - a ring of protection from fire (right hand) {unknown}
Potions
 b - a potion of resistance
 h - a potion of mutation
 q - a potion of degeneration
Books
 a - a book of Maledictions

   Spells                             Type                      Level
   *Corona                            Hexes                        1
   Sure Blade                         Hexes/Charms                 2
   Ensorcelled Hibernation            Hexes/Ice                    2
   Confuse                            Hexes                        3
   Enslavement                        Hexes                        4
   Invisibility                       Hexes                        6
 z - a book of Beasts

   Spells                             Type                      Level
   Summon Butterflies                 Summoning                    1
   Sticks to Snakes                   Transmutation                2
   Call Canine Familiar               Summoning                    3
   Ice Form                           Ice/Transmutation            4
   Summon Ice Beast                   Ice/Summoning                4
   Summon Hydra                       Summoning                    7


   Skills:
 - Level 2.6 Fighting
 * Level 1.4 Maces & Flails
 - Level 1.7 Stealth
 - Level 5.4 Unarmed Combat
 - Level 1.0 Spellcasting
 * Level 3.1 Hexes
 - Level 1.0 Translocations


You had 4 spell levels left.
You knew the following spells:

 Your Spells              Type           Power        Failure   Level  Hunger
a - Apportation           Tloc           #.........   17%         1    Strawberry
b - Corona                Hex            ###.....     10%         1    Strawberry

Dungeon Overview and Level Annotations

Branches:
Dungeon (5/27)
 Temple: D:4-7

Shops:
D:4: ( D:5: ([

Annotations
D:3 Grinder


Innate Abilities, Weirdness & Mutations

You are clumsy (Dex -1).
You are covered in fur (AC +1).
You have a slow metabolism.


Message History

Drink which item? (? for menu, Esc to quit)
You feel extremely strange.
You feel clumsy.
Your metabolism slows.
Fur sprouts all over your body.
It was a potion of mutation.
The bat hits you but does no damage. The bat barely misses you.
Drink which item? (? for menu, Esc to quit)
There was something very wrong with that liquid!
You feel weakened.
It was a potion of degeneration.
The kobold hits you but does no damage. Space bends around you.
* * * LOW HITPOINT WARNING * * *
Drink which item? (? for menu, Esc to quit)
You feel protected.
You are very lightly contaminated with residual magic.
It was a potion of resistance.
The kobold closely misses you.
Drink which item? (? for menu, Esc to quit)
You are confused.
It was a potion of confusion.
The kobold hits you but does no damage. Space warps horribly around you!
You die...

......###.........+
....### #.........#
....# #.........#
....# #.........#
.#### #.........#
.# ######'#### ##
#...# ###.# #@# #K#
#.......b<#
.........#
....).....
...........
........##.
####+### ##


You could see a kobold and a bat.

Vanquished Creatures
  A crimson imp (D:4)
  A hound (D:4)
  An orc wizard (D:5)
  A worker ant (D:4)
  4 adders
  A worm (D:4)
  A giant eyeball (D:5)
  2 giant geckos
  5 orcs
  A ball python (D:3)
  6 giant cockroaches
  7 hobgoblins
  2 jackals (D:4)
  8 kobolds
  A quokka (D:4)
  9 bats
  3 giant newts
  13 goblins
  A hobgoblin skeleton (D:4)
  10 rats
  2 toadstools
80 creatures vanquished.

Vanquished Creatures (others)
  A goblin (D:1)
  8 toadstools
9 creatures vanquished.

Grand Total: 89 creatures vanquished

Notes
Turn   | Place    | Note
--------------------------------------------------------------
     0 | D:1      | risbolla, the Demigod Wanderer, began the quest for the Orb.
     0 | D:1      | Reached XP level 1. HP: 15/15 MP: 4/4
     6 | D:1      | Learned a level 1 spell: Corona
   227 | D:1      | Reached skill level 1 in Unarmed Combat
   495 | D:1      | Reached XP level 2. HP: 19/22 MP: 5/5
  1197 | D:1      | Reached skill level 3 in Unarmed Combat
  1354 | D:2      | Found a white marble altar of Elyvilon.
  1469 | D:2      | Reached XP level 3. HP: 12/27 MP: 7/7
  1876 | D:2      | Reached skill level 4 in Unarmed Combat
  2157 | D:3      | Noticed Grinder
  2657 | D:4      | Reached XP level 4. HP: 18/35 MP: 10/10
  2899 | D:4      | Reached skill level 5 in Unarmed Combat
  3056 | D:4      | Reached XP level 5. HP: 32/40 MP: 11/11
  3165 | D:4      | Found Rianax's Antique Weapon Shop.
  3685 | D:5      | Entered Level 5 of the Dungeon
  3752 | D:5      | Found Xiyriaq's Antique Weapon Shoppe.
  3847 | D:5      | Reached skill level 1 in Maces & Flails
  4123 | D:5      | Found Mimm's Antique Armour Shoppe.
  4129 | D:5      | Bought an embroidered robe for 14 gold pieces
  4225 | D:5      | Gained mutation: You are clumsy (Dex -1).
  4225 | D:5      | Gained mutation: You have a slow metabolism.
  4225 | D:5      | Gained mutation: You are covered in fur (AC +1).
  4228 | D:5      | Slain by a kobold
